 Dungeon Crawl Stone Soup version 0.27.1-33-g824d729ab1 (webtiles) character file.

Game seed: 11520790149808939581

46 zeram the Sneak (level 3, -3/24 HPs)
             Began as an Octopode Brigand on Dec 2, 2021.
             Slain by a gnoll (7 damage)
             ... on level 1 of the Dungeon.
             The game lasted 00:01:34 (1317 turns).

zeram the Sneak (Octopode Brigand)                  Turns: 1317, Time: 00:01:35

Health: -3/24      AC:  1    Str: 10    XL:     3   Next: 66%
Magic:  0/3        EV: 12    Int: 14    God:
Gold:   51         SH:  0    Dex: 13    Spells: 2/2 levels left

rFire    . . .     SeeInvis .   a - +2 dagger
rCold    . . .     Faith    .   (no shield)
rNeg     . . .     Spirit   +   (helmet restricted)
rPois    .         Reflect  .   d - amulet of guardian spirit
rElec    .         Harm     .   k - ring of flight
rCorr    .         Rampage  .   (no ring)
Will     .....                  (no ring)
Stlth    ++++......             (no ring)
HPRegen  0.08/turn              (no ring)
MPRegen  0.08/turn              (no ring)
                                (no ring)
                                (no ring)

@: flying
A: almost no armour, amphibious, 8 rings, camouflage 1, gelatinous body 1,
(nimble swimmer 1), tentacles
a: no special abilities


You were on level 1 of the Dungeon.
You visited 1 branch of the dungeon, and saw 2 of its levels.

You collected 51 gold pieces.

Inventory:

Hand Weapons
 a - a +2 dagger (weapon)
Missiles
 b - 8 poisoned darts (quivered)
 c - 2 curare-tipped darts
Jewellery
 d - an amulet of guardian spirit (around mantle)
 k - a ring of flight (left tentacle)
Scrolls
 h - a scroll of noise {unknown}
Potions
 e - a potion of mutation {unknown}
 f - a potion of brilliance {unknown}
 g - a potion of degeneration {unknown}
 i - a potion of flight {unknown}
 j - a potion of haste {unknown}


   Skills:
 - Level 2.0 Fighting
 - Level 2.0 Short Blades
 - Level 2.0 Throwing
 - Level 1.0 Dodging
 + Level 7.3 Stealth


You had 2 spell levels left.
You didn't know any spells.
Your spell library was empty.

Dungeon Overview and Level Annotations

Branches:
Dungeon (2/15)

Altars:

Annotations:
D:2 Terence


Innate Abilities, Weirdness & Mutations

You cannot wear most types of armour.
You are amphibious.
You can wear up to eight rings at the same time.
Your skin changes colour to match your surroundings (Stealth+).
Your rubbery body absorbs attacks. (AC +1, EV +1)
((You are camouflaged near water. (Stealth+)))
You have tentacles for arms and can constrict up to eight enemies at once.


Message History

You impale the adder!!
You kill the adder!
A gnoll comes into view. It is wielding a +0 whip.
Found 28 sling bullets.
Found a stone staircase leading down.
You see here an adder corpse.
A gnoll is nearby!
A gnoll is nearby!
A gnoll is nearby!
Found a green potion. 2 gnolls come into view.
Found a puce potion.
The gnoll shouts!
A gnoll comes into view.
It is wielding a +2 flail of protection.
A kobold comes into view. It is wielding a +0 whip of venom.
Terence the Incautious comes into view.
He is wielding a +4 hand axe.
The gnoll shouts! x2; You hear a shout! x2
You see here an adder corpse.
You closely miss the gnoll. You grab the gnoll.
You constrict the gnoll, but do no damage.
The gnoll hits you with a +0 whip.
You hit the gnoll.
The gnoll is moderately wounded.
You constrict the gnoll. The gnoll hits you with a +0 whip!
You are too injured to fight recklessly!
You are too injured to fight recklessly!
You are too injured to fight recklessly!
You hit the gnoll but do no damage. You squeeze the gnoll.
The gnoll is heavily wounded.
You constrict the gnoll. The gnoll hits you with a +0 whip.
* * * LOW HITPOINT WARNING * * *
You release your grip on the gnoll.
There is a stone staircase leading up here.
The gnoll hits you with a +0 whip.
* * * LOW HITPOINT WARNING * * *
You fly upwards.
There is a stone staircase leading down here.
You barely miss the gnoll. You grab the gnoll.
The gnoll is heavily wounded.
You constrict the gnoll. The gnoll hits you with a +0 whip!
You die...

###.###........###+#.#.#.........
...............# #.#....###...###
....#.##.......###......+.'...'..
....#.##.......#........###...###
...##.##.......+.................
......##.......#......####.......
.................................
.....#....##......#.....#........
...#......##....@.#.....#.####...
...#......##....g.#.....#.# #...
.#.#..(...####'##.#.....#.####...
.#...........#.##.#..<..#........
.#...........#'##.#.....#........
.#....##..........#.....#........
##.....#..........#.....#........
#.....+..........#.....#.####...
##....#..................#...###


You could see a gnoll.

Vanquished Creatures
  An adder (D:2)
  2 ball pythons (D:1)
  3 bats (D:1)
  5 endoplasms (D:1)
  3 giant cockroaches (D:1)
  5 hobgoblins (D:1)
  2 jackals (D:1)
  3 quokkas (D:1)
  2 frilled lizards (D:1)
  2 goblins (D:1)
  3 rats (D:1)
31 creatures vanquished.

Notes
Turn   | Place    | Note
-------+----------+-------------------------------------------
     0 | D:1      | zeram the Octopode Brigand began the quest for the Orb.
     0 | D:1      | Reached XP level 1. HP: 14/14 MP: 1/1
   236 | D:1      | Reached XP level 2. HP: 19/19 MP: 2/2
   242 | D:1      | Reached skill level 6 in Stealth
   610 | D:1      | Reached XP level 3. HP: 17/24 MP: 1/3
  1082 | D:1      | Reached skill level 7 in Stealth
  1291 | D:2      | Noticed Terence
  1317 | D:1      | Slain by a gnoll

Illustrated notes

Levels and vault maps discovered:
D:1:      minmay_arrival_semitransparent, layout_basic, st_stairs_3,
          minivault_14, minmay_pentomino_p2
D:2:      layout_basic, basic_altar, uniq_crazy_yiuf_cottage, uniq_terence,
          uniq_robin

Skill      XL: |  1  2  3 |
---------------+----------+-----
Stealth        | 6 7 |  7.3
Fighting       | |  2.0
Short Blades   | |  2.0
Throwing       | |  2.0
Dodging        | |  1.0

Action                   || total
-------------------------++-------
Melee: Dagger            ||    59
       Constrict         ||    14
       Tentacles         ||    12
  Use: Scroll            ||     2
 Stab: Sleeping          ||    12
Armor: Skin              ||     5
Dodge: Dodged            ||    25
